Map: Tours du crépuscule

Players

Mikelitoris

  • Race: Protoss Protoss
  • League: Bronze
  • Spawn Location: 1:00

zidar - Winner!

  • Race: Zerg Zerg
  • League: Silver
  • Spawn Location: 7:00

VOD

Have the link to the VOD?

Description

Time

  • Played on: Jan. 2, 2016, 3:54 p.m.
  • Length: 9:46
Show
View Real Time Build Order
Export as new Build Order

Mikelitoris Protoss 

Build Orders:  

Get SALT Encoding   

  12  0:01  Probe (Chrono Boost)  
  13  0:15  Probe (Chrono Boost)  
  14  0:24  Pylon  
  14  0:25  Probe (Chrono Boost)  
  15  0:42  Probe (Chrono Boost)  
  16  0:57  Pylon  
  16  0:59  Probe (Chrono Boost)  
  17  1:10  Probe (Chrono Boost)  
  17  1:23  Gateway, Probe (Chrono Boost), Assimilator  
  18  1:30  Assimilator  
  18  1:34  Probe (Chrono Boost)  
  19  1:46  Nexus  
  19  1:58  Probe (Chrono Boost)  
  20  2:09  Probe (Chrono Boost)  
  20  2:15  Cybernetics Core  
  21  2:23  Pylon  
  21  2:34  Probe (Chrono Boost)  
  22  2:44  Probe (Chrono Boost)  
  23  2:51  Warp Gate  
  23  2:55  Probe (Chrono Boost)  
  24  3:01  Gateway  
  24  3:02  Zealot  
  26  3:16  Twilight Council  
  26  3:17  Mothership Core (Chrono Boost)  
  28  3:25  Pylon  
  28  3:29  Zealot  
  30  4:04  Dark Shrine  
  30  4:08  Probe x2 (Chrono Boost)  
  32  4:12  Gateway  
  32  4:14  Gateway  
  32  4:18  Probe x2 (Chrono Boost)  
  34  4:29  Probe x2 (Chrono Boost)  
  36  4:32  Pylon  
  36  5:01  Adept  
  36  5:02  Adept  
  40  5:26  Probe x2 (Chrono Boost)  
  42  5:31  Pylon  
  42  5:35  Pylon  
  42  5:37  Probe x2 (Chrono Boost)  
  40  6:05  Dark Templar x2  
  40  6:06  Dark Templar x2  
  48  6:15  Assimilator  
  48  6:19  Assimilator  
  36  6:44  Probe (Chrono Boost)  
  36  6:45  Probe (Chrono Boost)  
  38  6:55  Probe x2 (Chrono Boost)  
  40  7:01  Robotics Facility  
  40  7:05  Probe (Chrono Boost)  
  40  7:06  Probe (Chrono Boost)  
  40  7:07  Dark Templar x3  
  40  7:08  Dark Templar  
  50  7:16  Probe x2 (Chrono Boost)  
  50  7:20  Nexus  
  52  7:24  Forge  
  52  7:54  Dark Templar  
  52  7:55  Dark Templar  
  48  8:49  Stalker x3  
  48  8:50  Stalker  
  56  8:56  Probe x2 (Chrono Boost)  
  58  9:06  Probe x2 (Chrono Boost)  
  60  9:10  Probe (Chrono Boost)  
  63  9:17  Probe x2 (Chrono Boost)  
  63  9:21  Probe (Chrono Boost)  
  64  9:27  Probe x2 (Chrono Boost)  
Show
View Real Time Build Order
Export as new Build Order

zidar Zerg - Winner!

Build Orders: Hatch First 

Get SALT Encoding   

  12  0:01  Drone  
  13  0:12  Overlord  
  13  0:17  Drone  
  14  0:30  Drone x2  
  16  0:36  Drone  
  17  0:57  Hatchery  
  17  1:02  Drone  
  17  1:04  Drone  
  17  1:26  Spawning Pool  
  16  1:34  Drone x2  
  18  1:40  Extractor  
  17  1:48  Drone x2  
  19  2:11  Hatchery  
  19  2:13  Overlord  
  18  2:22  Queen  
  20  2:33  Queen  
  22  2:40  Drone x2  
  24  2:50  Drone x3  
  27  2:57  Metabolic Boost  
  27  3:25  Roach Warren  
  27  3:27  Drone x7  
  33  3:39  Queen  
  35  4:02  Overlord  
  35  4:03  Overlord x2  
  35  4:05  Overlord  
  35  4:21  Evolution Chamber  
  34  4:28  Evolution Chamber  
  33  4:43  Drone  
  33  4:44  Drone x16  
  50  4:50  Extractor  
  49  4:56  Extractor x2  
  47  5:02  Zerg Melee Weapons Level 1  
  47  5:03  Zerg Ground Armor Level 1  
  47  5:17  Zergling x2  
  47  5:18  Zergling x20  
  58  5:27  Queen  
  51  6:38  Spore Crawler  
  46  6:48  Spore Crawler  
  46  6:51  Lair  
  45  6:59  Roach  
  45  7:00  Roach x9  
  65  7:09  Drone  
  65  7:12  Overlord x2  
  66  7:24  Extractor  
  66  7:26  Extractor  
  48  7:52  Roach  
  48  7:53  Roach x15  
  48  7:58  Overseer  
  80  8:33  Overlord x3  
  80  8:35  Overlord  
  80  8:48  Overlord  
  80  8:57  Ravager  
  80  8:58  Ravager x5  
  86  9:26  Ravager  
Tags
 
Add a new tag
Caveats
  • Supply blocks, unpowered buildings, or Contaminate may cause inaccurate times.
  • Supply counts are checked every 10 seconds.